woodfighter, lawful female dwarven Priestess ------------ |....<.....| |..........| ---.-----.-- ----------.-- .`....F!%B.`| |.....`.a@..| | -----...| |...| |`..| |..!| -...| ...| ...` ------ woodfighter the Acolyte Experience level: 3 Strength: 13 Dexterity: 9 Constitution: 16 Intelligence: 17 Wisdom: 13 Charisma: 7 Health: 0(26) Energy: 23(23) Def: 4 Gold: 792 Moves: 1786 Dungeon seed: z1rN3-UFvcnazVej Game ID: woodfighter_1553640016 Your Inventory: Coins $ - 792 gold pieces Weapons a - a blessed +1 mace (weapon in hand) Armor e - a +0 robe (being worn) n - a +0 small shield (being worn) r - a +0 orcish helm (being worn) Comestibles p - a partly eaten food ration A - 2 eucalyptus leaves Scrolls j - a scroll of confuse monster m - a scroll of destroy armor B - a scroll of identify C - a scroll of create monster Spellbooks g - a spellbook of light h - a spellbook of healing i - a spellbook of protection s - a spellbook of wizard lock G - a spellbook of magic missile Potions b - 4 potions of holy water D - a potion of restore ability F - a potion of water H - a potion of healing I - a cursed potion of polymorph J - a blessed potion of gain ability K - a potion of fruit juice Rings u - a ring of fire resistance Wands f - a wand of cancellation (0:1) k - a wand of teleportation (0:7) l - a wand of enlightenment (0:14) v - a wand of digging (0:7) Tools w - a magic whistle Gems q - 2 worthless pieces of red glass y - a worthless piece of white glass z - a chrysoberyl N - a worthless piece of yellow glass Spells and supernatural/magical abilities: Name Level Category Fail Memory h - healing 1 healing 0% 92% l - light 1 divination 0% 92% p - protection 1 clerical 0% 92% W - pray for help -- divine ? -- X - turn undead -- divine ? -- Your skills at the end: Miscellaneous Skills shield [Basic] wands [Basic] Weapon Skills pick-axe [Basic] mace [Basic] Spellcasting Skills clerical spells [Basic] Final Attributes: You were fervently aligned. You had infravision. You were stealthy. You are dead. Vanquished creatures: a giant ant a gecko a hobgoblin 3 giant rats 3 garter snakes a gnome zombie 3 jackals 5 newts 3 goblins 2 sewer rats 2 grid bugs 4 lichens 2 kobold zombies 31 creatures vanquished. Voluntary challenges: You did not adorn yourself with jewelry or accessories. You did not cause conflict. You were not invisible. You did not have reflection. You were not displaced. You used a wielded weapon 37 times, starting on turn 26. You did not apply a unicorn horn. You did not use plumbed fixtures. You did not drink any magical draughts. You read items or engraved 1 time, starting on turn 1526. You never genocided any monsters. You never polymorphed an object. You never changed form. You used no wishes. You never split a pudding. You never wrote Elbereth's name. You never violated your personal moral code. Dungeon overview: The Dungeons of Doom: levels 1 to 5 Level 1 (water + vault) a fountain a long staircase Level 2 (box) a fountain Level 3 (boxes) a general store, a fountain Level 4 (water) a potion shop stairs to The Gnomish Mines Level 5 <- You were here The Gnomish Mines: Level 5 stairs to The Dungeons of Doom History has recorded: On T:1 you entered the Dungeons of Doom to retrieve the Amulet of Yendor! On T:96 you reached level 2 of The Dungeons of Doom. On T:373 you advanced to experience level 2. On T:487 you reached level 3 of The Dungeons of Doom. On T:811 you reached level 4 of The Dungeons of Doom. On T:1085 you advanced to experience level 3. On T:1448 you reached level 5 of The Dungeons of Doom. On T:1630 you reached level 1 of The Gnomish Mines. On T:1781 you prayed to Amaterasu Omikami. Score breakdown: Gold: 792 ( 79 points) Experience: 3 levels ( 200 points) Exploration: 5 levels ( 120 points) Discoveries: 21 items ( 1050 points) Variety of kills: 13 monsters ( 650 points) Major goal: (nothing yet) ( 0 points) Survival: died (score multiplied by 3) Total score: 6297 Latest messages: The giant bat bites! The kitten bites! The giant bat bites! The sprig of wolfsbane misses the kitten. The giant bat bites! You begin praying to Amaterasu Omikami. You are surrounded by a shimmering light. The giant bat starts to attack you, but pulls back. (2x) The giant ant starts to attack you, but pulls back. (2x) The giant bat starts to attack you, but pulls back. You feel that Amaterasu Omikami is pleased. You feel much better. You hit the giant ant. The giant ant bites! (2x) The giant bat bites! The giant bat just misses! You kill the giant ant! The giant ant bites! The giant bat bites! The giant ant bites! The giant bat bites! You hit the giant ant. The giant ant bites! You die... Final status: Goodbye woodfighter the Priestess, killed by a giant ant... You died in The Dungeons of Doom on dungeon level 5 with 6297 points, and 792 pieces of gold, after 1786 moves. You were level 3 with a maximum of 26 hit points when you died.